 Dungeon Crawl Stone Soup version 0.29.1-15-g9cfb28693d (webtiles) character file.

Game seed: 10317683399764411023

53 protoss039 the Digger (level 3, -4/27 HPs)
             Began as a Demonspawn Earth Elementalist on Mar 12, 2023.
             Slain by Robin
             ... wielding a +0 spear
              (6 damage)
             ... on level 2 of the Dungeon.
             The game lasted 00:01:31 (1475 turns).

protoss039 the Digger (DsEE)                        Turns: 1475, Time: 00:01:32

Health: -4/27      AC:  3    Str:  8    XL:     3   Next: 62%
Magic:  4/16       EV:  8    Int: 18    God:
Gold:   55         SH:  0    Dex: 13    Spells: 4/7 levels left

rFire   . . .      SeeInvis .   d - +0 spear
rCold   . . .      Faith    .   (no shield)
rNeg    . . .      Spirit   .   j - +0 leather armour
rPois   .          Reflect  .   (no helmet)
rElec   .          Harm     .   (no cloak)
rCorr   .          Rampage  .   (no gloves)
Will    .....                   (no boots)
Stlth   ++........              (no amulet)
HPRegen 0.09/turn               i - ring of magical power
MPRegen 0.15/turn               (no ring)

@: very slightly contaminated, constricted
A: powered by pain 1, weakness stinger 1
a: no special abilities


You were on level 2 of the Dungeon.
You visited 1 branch of the dungeon, and saw 2 of its levels.

You collected 55 gold pieces.

Inventory:

Hand Weapons
 d - a +0 spear (weapon)
Armour
 j - a +0 leather armour (worn)
Jewellery
 i - a ring of magical power (left hand)
Scrolls
 f - 4 scrolls of identify {unknown}
 h - a scroll of poison {unknown}
Potions
 a - a potion of brilliance {unknown}
 b - a potion of magic
 c - 2 potions of lignification {unknown}
 e - a potion of resistance {unknown}
 g - 4 potions of curing {unknown}


   Skills:
 + Level 1.7 Fighting
 - Level 1.7 Dodging
 - Level 1.7 Stealth
 + Level 2.6 Spellcasting
 - Level 0.8 Transmutations
 + Level 3.2 Earth Magic


You had 4 spell levels left.
You knew the following spells:

 Your Spells              Type           Power      Damage    Failure   Level
a - Sandblast             Erth           28%        2d8       6%          1
b - Passwall              Tmut/Erth      7%         N/A       16%         2

Your spell library contained the following spells:

 Spells                   Type           Power      Damage    Failure   Level
 Stone Arrow              Conj/Erth      16%        3d8       36%         3
 Petrify                  Tmut/Erth      9%         N/A       71%         4


Dungeon Overview and Level Annotations

Branches:
Dungeon (2/15) Zot: 10497

Altars:

Annotations:
D:2 Robin


Innate Abilities, Weirdness & Mutations

You sometimes gain a little power by taking damage.
You have a small tail.


Message History

Casting: Sandblast (safe; 6% risk of failure)
Confirm with . or Enter, or press ? or * to list all spells.
Aiming: Sandblast (safe; 6% risk of failure)
Press: ? - help, Shift-Dir - straight line, f - ball python, p - Robin
Aim: a ball python (constricting you, 80% to hit)
You miscast Sandblast.
You are very lightly contaminated with residual magic.
Nothing appears to happen.
The bat closely misses you.
Robin hits you from afar with a +0 spear.
The ball python bites you. The ball python constricts you.
* * * LOW HITPOINT WARNING * * *
Unknown command.
Casting: Sandblast (safe; 6% risk of failure)
Confirm with . or Enter, or press ? or * to list all spells.
Aiming: Sandblast (safe; 6% risk of failure)
Press: ? - help, Shift-Dir - straight line, f - Robin, p - ball python
Aim: Robin, wielding a +0 spear, wearing a +0 animal skin and wearing a +0 helmet (almost dead, 87% to hit)
The blast of sand hits Robin but does no damage.
Robin is almost dead.
The bat hits you but does no damage. The bat completely misses you.
Robin closely misses you.
The ball python bites you but does no damage.
The ball python constricts you.
Robin hits you from afar with a +0 spear.
* * * LOW HITPOINT WARNING * * *
The ball python bites you but does no damage.
The ball python constricts you.
* * * LOW HITPOINT WARNING * * *
Casting: Sandblast (safe; 6% risk of failure)
Confirm with . or Enter, or press ? or * to list all spells.
Aiming: Sandblast (safe; 6% risk of failure)
Press: ? - help, Shift-Dir - straight line, f/p - Robin
Aim: Robin, wielding a +0 spear, wearing a +0 animal skin and wearing a +0 helmet (almost dead, 87% to hit)
The blast of sand misses Robin.
The bat hits you.
* * * LOW HITPOINT WARNING * * *
The bat hits you but does no damage.
The ball python bites you but does no damage.
The ball python constricts you. The bat hits you but does no damage.
Robin hits you from afar with a +0 spear.
You die...

#.. #.# .. ##.. #.# #.
... #.# . ..## #.# .# #
####..# #.###. .# #.
.....# #.#$g ..
#.####..#####.#)#.###.#
#.............#@S.....#
...####..##....)b##.####
##.# ##.>...##.....#
##.# #.###.##.....#
##.#####.# #.##....##
##.......# #.##....#
##....#....#.........
.....<#)##.###.......
.).........# ......!.


You could see Robin, a bat and a ball python.

Vanquished Creatures
  4 dart slugs (D:1)
  5 endoplasms
  A giant cockroach (D:1)
  10 goblins
  5 hobgoblins
  3 kobolds (D:1)
  3 ball pythons (D:1)
  4 bats
  3 rats
38 creatures vanquished.

Notes
Turn   | Place    | Note
-------+----------+-------------------------------------------
     0 | D:1      | protoss039 the Demonspawn Earth Elementalist began the
                  | quest for the Orb.
     0 | D:1      | Reached XP level 1. HP: 13/13 MP: 3/3
   193 | D:1      | Gained mutation: You sometimes gain a little power by
                  | taking damage. [demonic ancestry]
   193 | D:1      | Reached XP level 2. HP: 20/20 MP: 3/5
   424 | D:1      | Reached skill level 1 in Fighting
   424 | D:1      | Reached skill level 3 in Earth Magic
  1003 | D:1      | Found a faded altar of an unknown god.
  1008 | D:1      | Gained mutation: You have a small tail. [demonic ancestry]
  1008 | D:1      | Reached XP level 3. HP: 26/26 MP: 6/6
  1278 | D:1      | Learned a level 2 spell: Passwall
  1297 | D:2      | Noticed Robin
  1475 | D:2      | Slain by Robin

Illustrated notes

Levels and vault maps discovered:
D:1:      dpeg_arrival_oval, layout_loops_ring, ebering_ecumenical_altar_mist,
          serial_park_tiny_1, minmay_bisected
D:2:      layout_basic, serial_shops, shop, basic_altar,
          minmay_misc_feat_nine_boxes, uniq_crazy_yiuf_cottage, uniq_jessica,
          uniq_robin

Skill      XL: |  1  2 |
---------------+-------+-----
Fighting       | 1 |  1.7
Earth Magic    | 3 |  3.2
Dodging        | |  1.7
Stealth        | |  1.7
Spellcasting   | |  2.6
Transmutations | |  0.8

Action                   || total
-------------------------++-------
Melee: Spear             ||    34
 Cast: Sandblast         ||    48
 Stab: Sleeping          ||     3
Armor: Robe              ||     5
       Leather armour    ||    22
Dodge: Dodged            ||    49
